 Dungeon Crawl Stone Soup version 0.27.0-1-g7a089689b8 (webtiles) character file.

Game seed: 18428434028877632744

27 pkoi the Chopper (level 2, -6/25 HPs)
             Began as a Minotaur Gladiator on Aug 3, 2021.
             Was a Follower of Ru.
             Mangled by a worm (7 damage)
             ... on level 1 of the Dungeon.
             The game lasted 00:01:14 (1438 turns).

pkoi the Chopper (Minotaur Gladiator)               Turns: 1438, Time: 00:01:14

Health: -6/25      AC:  3    Str: 18    XL:     2   Next: 93%
Magic:  1/1        EV: 12    Int:  5    God:    Ru [*.....]
Gold:   42         SH:  0    Dex: 11    Spells: 1/1 levels left

rFire    . . .     SeeInvis .   a - +0 war axe
rCold    . . .     Faith    .   (no shield)
rNeg     . . .     Spirit   .   b - +0 leather armour
rPois    .         Reflect  .   c - +0 hat
rElec    .         Harm     .   (no cloak)
rCorr    .         Rampage  .   (no gloves)
Will     .....                  (no boots)
Stlth    +.........             (no amulet)
HPRegen  0.08/turn              (no ring)
MPRegen  0.07/turn              (no ring)

@: no status effects
A: horns 2, hated by all, retaliatory headbutt
a: Renounce Religion


You were on level 1 of the Dungeon.
You worshipped Ru.
Ru was aware of your devotion.
You visited 1 branch of the dungeon, and saw 2 of its levels.

You collected 42 gold pieces.

Inventory:

Hand Weapons
 a - a +0 war axe (weapon)
Missiles
 d - 3 throwing nets (quivered)
Armour
 b - a +0 leather armour (worn)
 c - a +0 hat (worn)
Scrolls
 f - a scroll of noise {unknown}
 g - a scroll of enchant armour {unknown}
Potions
 e - a potion of degeneration {unknown}


   Skills:
 - Level 2.4 Fighting
 + Level 5.1 Axes
 - Level 2.0 Throwing
 - Level 3.2 Dodging


You had one spell level left.
You didn't know any spells.
Your spell library was empty.

Dungeon Overview and Level Annotations

Branches:
Dungeon (2/15)

Altars:
Ru

Shops:
D:1 *

Annotations:
D:2 Sigmund


Innate Abilities, Weirdness & Mutations

You have a pair of horns on your head.
You are hated by all.
You reflexively headbutt those who attack you in melee.


Message History

Key pressed, stopping explore.
Done exploring.
Done exploring.
(D) Dungeon
Where to? (? - help)
There is an escape hatch in the floor here.
There is a stone staircase leading down here.
You climb downwards.
A worm and Sigmund come into view.
Sigmund is wielding a +0 scythe, wearing a +2 robe of resistance and carrying a wand of polymorph (4).
Sigmund shouts!
You hear an angry hiss.
There is a stone staircase leading up here.
There are monsters nearby!
There are monsters nearby!
There are monsters nearby!
Found a scale mail.
The worm bites you.
There is a stone staircase leading up here.
Sigmund barely misses you.
You climb upwards.
There is a stone staircase leading down here.
You barely miss the worm. The worm bites you.
You hit the worm.
The worm is lightly wounded.
The worm bites you!
* * * LOW HITPOINT WARNING * * *
You barely miss the worm.
The worm is lightly wounded.
You barely miss the worm.
The worm is lightly wounded.
The worm bites you.
* * * LOW HITPOINT WARNING * * *
You barely miss the worm.
The worm is lightly wounded.
The worm bites you.
* * * LOW HITPOINT WARNING * * *
You barely miss the worm. You headbutt the worm!
The worm is severely wounded.
The worm bites you!
You die...

########### #...).....#
#.#######.## #.# ####..##
#.# ##....#.## #.#
#....###.###### #.#
#..##.#.......#######
#.###..##......##.......#
#........@#.....#######.#
####.....w.....## #.#
#.########.## #####.##
#.# #.# #....... #.# #.#
#.....>. #.# ##'##
#....... #.# ##...##
#....... ##.#
##.....###....... ##..#
##.......##..#####


You could see a worm.

Vanquished Creatures
  A bat (D:1)
  An endoplasm (D:1)
  2 goblins (D:1)
  3 hobgoblins (D:1)
  5 jackals (D:1)
  2 kobolds (D:1)
  A quokka (D:1)
  4 ball pythons (D:1)
  3 frilled lizards (D:1)
  3 rats (D:1)
25 creatures vanquished.

Vanquished Creatures (others)
  A withered plant (D:1)
1 creature vanquished.

Grand Total: 26 creatures vanquished

Notes
Turn   | Place    | Note
-------+----------+-------------------------------------------
     0 | D:1      | pkoi the Minotaur Gladiator began the quest for the Orb.
     0 | D:1      | Reached XP level 1. HP: 18/18 MP: 0/0
   329 | D:1      | Reached skill level 4 in Axes
   348 | D:1      | Reached XP level 2. HP: 25/25 MP: 1/1
   613 | D:1      | Found a faded altar of an unknown god.
   627 | D:1      | Became a worshipper of Ru the Awakened
   646 | D:1      | Gained mutation: You are hated by all. [Ru sacrifice]
   646 | D:1      | Reached * piety under Ru
   950 | D:1      | Reached skill level 5 in Axes
  1122 | D:1      | Found Kasig's General Store.
  1425 | D:2      | Noticed Sigmund
  1437 | D:1      | HP: 1/25 [worm (6)]
  1438 | D:1      | Mangled by a worm

Illustrated notes

Levels and vault maps discovered:
D:1:      sevenhm_arrival_forest_fort_small_3, layout_loops_corners,
          ebering_ecumenical_altar_petrified, serial_shops, shop
D:2:      layout_rooms, minmay_pentomino_o4, uniq_sigmund

Skill      XL: |  1  2 |
---------------+-------+-----
Axes           | 4 5 |  5.1
Fighting       | |  2.4
Throwing       | |  2.0
Dodging        | |  3.2

Action                   || total
-------------------------++-------
Melee: War axe           ||    46
       Headbutt          ||     5
Invok: Sacrifice Love    ||     1
Armor: Leather armour    ||     9
Dodge: Dodged            ||    27
